 Dungeon Crawl Stone Soup version 0.17.1-1-g73c8601 (webtiles) character file.

1372 Goblin1989 the Martial Artist (level 8, -1/43 HPs)
             Began as a Vine Stalker Monk on Dec 28, 2015.
             Was a Believer of Dithmenos.
             Slain by Erica
             ... wielding a +4 scimitar of flaming
              (2 damage)
             ... on level 8 of the Dungeon on Dec 29, 2015.
             The game lasted 00:18:46 (5086 turns).

Goblin1989 the Martial Artist (Vine Stalker Monk)   Turns: 5086, Time: 00:18:46

Health: -1/43      AC:  2    Str: 19    XL:     8   Next: 65%
Magic:  0/9        EV: 20    Int: 12    God:    Dithmenos [**....]
Gold:   453        SH:  0    Dex: 17    Spells: 3 memorised, 1 level left

rFire  . . .     SeeInvis .       - Unarmed
rCold  . . .     Clarity  .     a - +0 robe
rNeg   . . .     SustAt   .     (no shield)
rPois  .         Gourm    .     (no helmet)
rElec  .         Spirit   +     (no cloak)
rCorr  .         Warding  .     (no gloves)
rMut   .         Stasis   .     (no boots)
MR     +....                    J - amulet of rage
Stlth  +++.......               L - +3 ring of evasion
                                v - +4 ring of evasion

@: mighty, wreathed by umbra, somewhat resistant to hostile enchantments, fairly
stealthy
A: fangs 3, regeneration 2, magic shield, antimagic bite, no device heal 3, rot
immunity
a: Shadow Step, Renounce Religion, Evoke Berserk Rage


You were on level 8 of the Dungeon.
You worshipped Dithmenos.
Dithmenos was pleased with you.
You were hungry.

You visited 2 branches of the dungeon, and saw 9 of its levels.

You collected 453 gold pieces.

Inventory:

Missiles
 u - 7 curare-tipped needles
 A - 16 poisoned needles
Armour
 a - a +0 robe (worn)
Rods
 b - a +1 rod of the swarm (10/10)
   (You found it on level 3 of the Dungeon)
Jewellery
 o - an uncursed ring of flight
 v - a +4 ring of evasion (left hand)
 J - an amulet of rage (around neck)
 K - an uncursed ring of positive energy
 L - a +3 ring of evasion (right hand)
Wands
 D - a wand of paralysis (17)
Scrolls
 c - a scroll of immolation {unknown}
 g - a scroll of fog {unknown}
 j - 7 scrolls of identify
 l - 2 scrolls of recharging {unknown}
 p - 3 scrolls of remove curse
 s - 2 scrolls of teleportation {unknown}
 w - a scroll of enchant armour {unknown}
 y - 3 scrolls of amnesia {unknown}
 B - a scroll of magic mapping {unknown}
Potions
 d - a potion of invisibility {unknown}
 e - a potion of brilliance {unknown}
 h - a potion of agility {unknown}
 i - a potion of curing {unknown}
 m - 2 potions of lignification {unknown}
 n - 2 potions of might
 r - a potion of heal wounds {unknown}
 z - a potion of mutation {unknown}
 H - a potion of magic {unknown}
 I - a potion of ambrosia
Books
 C - a book of Spatial Translocations

   Spells                             Type                      Level
   a - Apportation                    Translocation                1
   b - Blink                          Translocation                2
   c - Shroud of Golubria             Charms/Translocation         2
   d - Portal Projectile              Translocation                3
   e - Teleport Other                 Translocation                3
   f - Passage of Golubria            Translocation                4
 F - a book of Battle

   Spells                             Type                      Level
   a - Infusion                       Charms                       1
   b - Shroud of Golubria             Charms/Translocation         2
   c - Song of Slaying                Charms                       2
   d - Spectral Weapon                Hexes/Charms                 3
   e - Regeneration                   Charms/Necromancy            3
Comestibles
 f - 3 meat rations
 k - 2 slices of pizza
 q - a beef jerky
 t - 8 bread rations
 x - 2 royal jellies
 G - 4 fruits


   Skills:
 * Level 5.0 Fighting
 - Level 2.4 Dodging
 + Level 2.4 Stealth
 + Level 10.0 Unarmed Combat


You had one spell level left.
You knew the following spells:

 Your Spells              Type           Power        Failure   Level  Hunger
a - Apportation           Tloc           #.........   34%         1    ##.....
b - Regeneration          Chrm/Necr      #.........   88%         3    ####...
c - Song of Slaying       Chrm           #.......     52%         2    ###....


Dungeon Overview and Level Annotations

Branches:
Dungeon (8/15)             Temple (1/1) D:7
   Lair: D:8-11

Altars:
Ashenzari
Dithmenos
Fedhas
Nemelex Xobeh
Okawaru
Qazlal
Ru
Vehumet
Xom
Yredelemnul
Zin
The Shining One

Shops:
D:6 [

Annotations:
D:8 Erica


Innate Abilities, Weirdness & Mutations

You have razor-sharp teeth.
You heal very quickly.
When hurt, damage is shared between your health and your magic reserves.
Your bite disrupts and absorbs the magic of your enemies.
Potions and wands cannot restore your health.
You are immune to rotting.


Message History

Something hits you! Something burns you.
You miss something. You punch something. You punch something!
Your bite misses something. Something hits you! Something burns you.
You miss something. Something hits you!
* * * LOW HITPOINT WARNING * * *
Something burns you.
* * * LOW HITPOINT WARNING * * *
You hit something. Your bite misses something.
Read which item? (? for menu, Esc to quit)
Okay, then.
Drink which item? (? for menu, Esc to quit)
It was a potion of might.
You feel very mighty all of a sudden.
You hear some strange, mumbled words.
Something tries to affect you, but you resist.
You punch something! Something hits you.
* * * LOW HITPOINT WARNING * * *
Something burns you.
You die...

... ########.##### ..#
#..........[.. ..#
#.###.........
..######.# ##.#.####
.<##...#.# #.#.#
.....#.#.####...###...
......................
##.##.##.####..####.##
.†.##........../@{..#
...#####.####..######
/..# #... #... ##.#
###.###.# ...# . ...
...# #.# ...########
#.# ........... ..
..[........


There were no monsters in sight!

Vanquished Creatures
  Eustachio (D:6)
  A hungry ghost (D:7)
  2 phantoms
  An ogre (D:4)
  3 giant frogs (D:7)
  A water moccasin zombie (D:6)
  A crimson imp (D:6)
  2 hounds
  3 orc wizards
  2 orc priests
  3 worker ants (D:4)
  A hound zombie (D:7)
  10 adders
  4 gnolls (D:2)
  2 oozes
  An adder zombie (D:6)
  An adder skeleton (D:4)
  2 worms (D:3)
  4 giant geckos
  14 orcs
  5 bats
  6 giant cockroaches
  9 goblins
  10 hobgoblins
  13 jackals
  11 kobolds
  2 quokkas
  A giant gecko skeleton (D:6)
  4 giant newts
  8 rats
128 creatures vanquished.

Notes
Turn   | Place    | Note
--------------------------------------------------------------
     0 | D:1      | Goblin1989 the Vine Stalker Monk began the quest for the Orb.
     0 | D:1      | Reached XP level 1. HP: 11/11 MP: 2/2
   232 | D:1      | Reached XP level 2. HP: 16/16 MP: 3/3
   596 | D:2      | Reached XP level 3. HP: 16/19 MP: 4/4
   637 | D:2      | Reached skill level 5 in Unarmed Combat
   900 | D:2      | Reached XP level 4. HP: 12/23 MP: 3/5
  1078 | D:2      | Found an iron altar of Okawaru.
  1080 | D:2      | Found a sparkling altar of Nemelex Xobeh.
  1338 | D:2      | You fall through a shaft!
  1358 | D:3      | Reached skill level 6 in Unarmed Combat
  1466 | D:3      | Reached XP level 5. HP: 24/27 MP: 6/6
  1577 | D:3      | Identified a +1 rod of the swarm (10/10) (You found it on level 3 of the Dungeon)
  2131 | D:4      | Reached skill level 7 in Unarmed Combat
  2244 | D:4      | Found a sacrificial altar of Ru.
  2249 | D:4      | Gained mutation: You heal very quickly. [Vine Stalker growth]
  2249 | D:4      | Reached XP level 6. HP: 28/32 MP: 7/7
  2410 | D:4      | Noticed an ogre
  2425 | D:4      | Killed an ogre
  2674 | D:4      | Reached skill level 8 in Unarmed Combat
  2719 | D:4      | Reached XP level 7. HP: 35/35 MP: 8/8
  2723 | D:4      | Found a glowing golden altar of the Shining One.
  2788 | D:4      | Noticed a phantom
  2814 | D:4      | Killed a phantom
  3094 | D:5      | Entered Level 5 of the Dungeon
  3211 | D:5      | Reached skill level 9 in Unarmed Combat
  3431 | D:5      | Learned a level 1 spell: Apportation
  4209 | D:6      | Gained mutation: You have razor-sharp teeth. [Vine Stalker growth]
  4209 | D:6      | Reached XP level 8. HP: 23/40 MP: 6/9
  4257 | D:6      | Found Imniblan's Armour Shoppe.
  4264 | D:6      | Noticed Eustachio
  4297 | D:6      | Found a sacrificial altar of Ru.
  4379 | D:6      | Killed Eustachio
  4385 | D:6      | Learned a level 3 spell: Regeneration
  4516 | D:7      | Found a basalt altar of Yredelemnul.
  4645 | D:7      | Learned a level 2 spell: Song of Slaying
  4656 | D:7      | Reached skill level 5 in Fighting
  4656 | D:7      | Reached skill level 10 in Unarmed Combat
  4865 | D:7      | Found a staircase to the Ecumenical Temple.
  4871 | Temple   | Entered the Ecumenical Temple
  4965 | Temple   | Became a worshipper of Dithmenos the Shadowed
  4965 | Temple   | Reached * piety under Dithmenos
  4965 | Temple   | Reached ** piety under Dithmenos
  5072 | D:8      | Noticed Erica
  5086 | D:8      | HP: 1/43 [something (5)]
  5086 | D:8      | Slain by Erica

Action                   |  1- 3 |  4- 6 |  7- 9 || total
-------------------------+-------+-------+-------++-------
Melee: Unarmed           |    72 |   161 |   186 ||   419
Evoke: Rod               |       |     1 |       ||     1
  Use: Scroll            |       |       |     2 ||     2
       Potion            |       |       |     1 ||     1
 Stab: Sleeping          |     9 |     6 |     4 ||    19
  Eat: Chunk             |       |     6 |     6 ||    12
       Bread ration      |       |       |     1 ||     1
